 Dungeon Crawl Stone Soup version 0.30-a0-359-gd0147acb1a (webtiles) character file.

Game seed: 5834363573164255599

25053 KKCryptic the Unseen (level 12, -5/51 HPs)
             Began as a Spriggan Enchanter on Nov 10, 2022.
             Was an Elder of Dithmenos.
             Killed by divine providence
             ... invoked by a meliai
              (12 damage)
             ... on level 12 of the Dungeon on Nov 13, 2022.
             The game lasted 02:07:01 (15579 turns).

KKCryptic the Unseen (Spriggan Enchanter)          Turns: 15579, Time: 02:07:04

Health: -5/51      AC:  8    Str:  4    XL:     12   Next: 86%
Magic:  22/25      EV: 20    Int: 28    God:    Dithmenos [****..]
Gold:   590        SH:  5    Dex: 19    Spells: 12/28 levels left

rFire   + . .      SeeInvis +    O - +4 dagger (chaos)
rCold   + . .      Faith    .    V - +0 buckler
rNeg    . . .      Spirit   .    I - +1 robe {rC+ rF+}
rPois   .          Reflect  .    X - +2 hat
rElec   .          Harm     .    C - +2 cloak
rCorr   .          Rampage  .    (gloves unavailable)
Will    +++..                    (boots unavailable)
Stlth   ++++++++++               (no amulet)
HPRegen 0.28/turn                y - ring of Puuq {Will+ Dex+4}
MPRegen 0.19/turn                N - +6 ring of intelligence

@: wreathed by umbra, very quick
A: very small, no large weapons, unfitting armour, see invisible, speed 3
a: Renounce Religion, Shadow Step


You were on level 12 of the Dungeon.
You worshipped Dithmenos.
Dithmenos was greatly pleased with you.
You visited 1 branch of the dungeon, and saw 12 of its levels.
You also visited: Bailey.

You collected 761 gold pieces.
You spent 171 gold pieces at shops.

Inventory:

Hand Weapons
 b - a +0 rapier of distortion
 J - a +2 short sword of venom
 O - a +4 dagger of chaos (weapon)
 Z - a +0 dagger of speed
Armour
 t - the +4 shadow dragon scales "Beetiad" {Rampage rPois SInv Stlth++++}
   (You found it on level 11 of the Dungeon)

   rPois:     It protects you from poison.
   SInv:      It lets you see invisible.
   Rampage:   It bestows one free step when moving towards enemies.
   Stlth:     It makes you much more stealthy.
 C - a +2 cloak (worn)
 I - a +1 robe of resistance (worn)
 L - the +5 fire dragon scales "Neckubyohe" {rF++ rC- Will+ rCorr}
   (You found it in a bailey)

   rF:        It greatly protects you from fire.
   rC:        It makes you vulnerable to cold.
   rCorr:     It protects you from acid and corrosion.
   Will:      It increases your willpower.
 V - a +0 buckler (worn)
 X - a +2 hat (worn)
Jewellery
 a - a ring of wizardry
 y - the ring of Puuq (left hand) {Will+ Dex+4}
   (You found it on level 4 of the Dungeon)

   [ring of willpower]

   Dex:       It affects your dexterity (+4).
   Will:      It increases your willpower.
 N - a +6 ring of intelligence (right hand)
 R - a ring of ice
Wands
 n - a wand of flame (11) (quivered)
 w - a wand of roots (22)
 F - a wand of charming (17)
 Q - a wand of mindburst (12)
 T - a wand of digging (9)
 Y - a wand of acid (4)
Scrolls
 e - 2 scrolls of poison {unknown}
 f - 6 scrolls of magic mapping
 g - a scroll of vulnerability
 h - 7 scrolls of teleportation
 i - a scroll of blinking
 k - 2 scrolls of torment
 l - a scroll of noise {unknown}
 o - 3 scrolls of amnesia {unknown}
 q - 3 scrolls of fear {unknown}
 u - 3 scrolls of silence {unknown}
 x - 2 scrolls of summoning {unknown}
 D - 3 scrolls of enchant armour {unknown}
 H - 3 scrolls of fog {unknown}
 S - 2 scrolls of immolation {unknown}
Potions
 c - 4 potions of invisibility
 d - a potion of lignification
 j - 2 potions of cancellation
 m - a potion of resistance {unknown}
 r - 3 potions of heal wounds
 s - 4 potions of curing
 v - 4 potions of flight
 z - 3 potions of might
 A - 2 potions of haste
 B - 2 potions of attraction
 G - 2 potions of ambrosia
 U - 3 potions of berserk rage {unknown}
 W - a potion of mutation {unknown}
Miscellaneous
 K - a phantom mirror
 M - a box of beasts (inert)


   Skills:
 - Level 12.3 Short Blades
 + Level 6.4 Dodging
 + Level 16.8 Stealth
 + Level 8.9 Spellcasting
 - Level 13.8 Hexes
 - Level 4.0 Translocations
 * Level 6.2 Poison Magic


You had 12 spell levels left.
You knew the following spells:

 Your Spells              Type           Power      Damage    Failure   Level
a - Confusing Touch       Hex            74%        N/A       1%          3
b - Blink                 Tloc           70%        N/A       2%          2
d - Dazzling Flash        Conj/Hex       100%       N/A       1%          3
s - Tukima's Dance        Hex            74%        N/A       1%          3
x - Mephitic Cloud        Conj/Pois/Air  24%        N/A       13%         3
z - Ensorcelled Hibernat  Hex/Ice        100%       N/A       1%          2

Your spell library contained the following spells:

 Spells                   Type           Power      Damage    Failure   Level
 Apportation              Tloc           70%        N/A       1%          1
 Summon Guardian Golem    Hex/Summ       50%        N/A       1%          3
 Poisonous Vapours        Pois/Air       58%        N/A       4%          2
 Gell's Gravitas          Tloc           35%        N/A       5%          3
 Lesser Beckoning         Tloc           70%        N/A       5%          3
 Teleport Other           Tloc           35%        N/A       5%          3
 Cigotuvi's Dreadful Rot  Necr/Pois/Air  48%        N/A       6%          2
 Momentum Strike          Conj/Tloc      46%        3d9       7%          2
 Olgreb's Toxic Radiance  Pois           47%        N/A       8%          4
 Summon Small Mammal      Summ           48%        N/A       10%         1
 Ignite Poison            Fire/Tmut/Pois 24%        N/A       13%         3
 Scorch                   Fire           24%        2d6       16%         2
 Silence                  Hex/Air        25%        N/A       16%         5
 Kindle Blastsparks       Fire/Tloc/Air  38%        2d13      17%         3
 Passage of Golubria      Tloc           35%        N/A       19%         4
 Call Canine Familiar     Summ           12%        N/A       30%         3
 Alistair's Intoxication  Tmut/Pois      19%        N/A       58%         5
 Freezing Cloud           Conj/Ice/Air   6%         6-21      95%         5
 Eringya's Noxious Bog    Tmut/Pois      14%        N/A       99%         6
 Ignition                 Fire           6%         3d4       100%        8
 Lehudib's Crystal Spear  Conj/Erth      6%         10d3      100%        8
 Fire Storm               Conj/Fire      6%         8d2       100%        9


Dungeon Overview and Level Annotations

Branches:
Dungeon (12/15)            Temple (0/1) D:5            Lair (0/5) D:8
    Orc (0/2) D:9          Bailey (visited)

Altars:
Dithmenos
Fedhas
Hepliaklqana
Makhleb
Nemelex Xobeh
Sif Muna
Vehumet
Xom
The Shining One

Shops:
D:3 !   D:4 !


Innate Abilities, Weirdness & Mutations

You are very small and have problems with some larger weapons.
You are too small for most types of armour.
You have supernaturally acute eyesight. (SInv)
You cover ground extremely quickly. (Speed+++)


Message History

There is an open door here.
The meliai calls down the wrath of its god upon you.
Something smites you! The meliai barely misses you. The meliai stings you!
Casting: Ensorcelled Hibernation (safe; 1% risk of failure)
Confirm with . or Enter, or press ? or * to list all spells.
Aiming: Ensorcelled Hibernation (safe; 1% risk of failure)
Press: ? - help, Shift-Dir - straight line, f - meliai
Aim: a meliai, wielding a +0 hand axe and wearing a +0 leather armour (umbra, chance to affect: 71%)
The meliai struggles to resist.
The meliai buzzes angrily.
The meliai hits you with a +0 hand axe. The meliai stings you!
The meliai misses you. The meliai closely misses you.
Casting: Ensorcelled Hibernation (safe; 1% risk of failure)
Confirm with . or Enter, or press ? or * to list all spells.
Aiming: Ensorcelled Hibernation (safe; 1% risk of failure)
Press: ? - help, Shift-Dir - straight line, f/p - meliai
Aim: a meliai, wielding a +0 hand axe and wearing a +0 leather armour (umbra, chance to affect: 71%)
The meliai looks drowsy...
The helpless meliai fails to defend itself.
You perforate the meliai like a sieve!!!!!
You kill the meliai!
Dithmenos accepts your kill.
The manticore flicks its tail.
The volley of spikes misses you.
Casting: Ensorcelled Hibernation (safe; 1% risk of failure)
Confirm with . or Enter, or press ? or * to list all spells.
Aiming: Mephitic Cloud (dangerous; 13% risk of failure)
Press: ? - help, Shift-Dir - straight line, f - manticore
Aim: a manticore (umbra, chance to affect: 58%)
Okay, then.
There is an open door here.
As you close the door, it creaks loudly!
A meliai breaks down the door.
The meliai mumbles some strange prayers to its god against you.
Something smites you!
* * * LOW HITPOINT WARNING * * *
The meliai mumbles some strange prayers to its god against you.
Something smites you!
You die...

..#.........#
#.....#.....###...
#...........#
#.###.#.###.#..... #.....(†..#
#...#.#.#...#.#... #.........#
###.#.#.#.#.#.#...
#.....)...####...#...#.#.#.#...
#...........########.#.###.#...
#.........#)H#.....#.#..)'.#...
#..H......##y#####.###.#.###...
##y#########.#@..#...#.#.# #...
#...H.## #yy.#.###.###.# ####
#####.y# ###.#.........# #
#######'## #####'####### #
#.....J..# #....# # #........#
######'### #### #...y....#
#........####... #........#
#........#....## #........#
#........'.#####


You could see 2 meliai.

Vanquished Creatures
  Gastronok (D:9)
  2 fire dragons (D:11)
  A hydra (D:11)
  Erolcha (D:9)
  A catoblepas (D:11)
  2 tengu warriors (D:11)
  A two-headed ogre (D:12)
  A boulder beetle (D:11)
  4 manticores (D:11)
  An orc knight (Bailey)
  An ugly thing (D:11)
  5 cyclopes
  An efreet (D:12)
  Psyche (D:8)
  2 komodo dragons
  A gargoyle (D:10)
  2 unseen horrors
  A yaktaur (D:11)
  2 kobold demonologists (D:11)
  A troll (D:11)
  A meliai (D:12)
  A hornet (D:11)
  2 slime creatures (D:12)
  Sigmund (D:6)
  A dancing weapon (D:7)
  A shadow (D:10)
  11 yaks
  Eustachio (D:6)
  4 water elementals (D:10)
  A basilisk (D:11)
  Grum (D:8)
  2 vampire mosquitoes (D:12)
  Menkaure (D:6)
  A water moccasin (D:6)
  Duvessa (D:4)
  5 orc warriors
  2 black bears
  3 ice beasts
  2 sky beasts
  3 wolves (D:8)
  A centaur (shapeshifter) (D:10)
  7 centaurs
  5 kobold brigands
  4 bullfrogs
  2 gnoll sergeants
  4 necrophages
  8 scorpions
  3 wights (D:7)
  18 killer bees
  5 jellies
  9 hounds
  3 iron imps (D:6)
  3 orc priests
  Crazy Yiuf (D:4)
  5 iguanas
  3 orc wizards
  12 gnolls
  12 adders
  2 shadow imps
  2 white imps (D:7)
  An ufetubus (D:4)
  3 worms
  2 dart slugs
  18 orcs
  7 ball pythons
  3 bats
  3 endoplasms
  5 giant cockroaches
  10 goblins
  6 hobgoblins
  4 jackals (D:2)
  2 quokkas
  A frilled lizard (D:1)
  10 kobolds
  2 rats (D:1)
263 creatures vanquished.

Vanquished Creatures (collateral kills)
  A two-headed ogre (D:9)
  A deep elf pyromancer (Bailey)
  Maggie (D:7)
  4 orc warriors
  An ogre (D:6)
  Dowan (D:4)
  5 gnolls
  3 orcs
17 creatures vanquished.

Vanquished Creatures (others)
  11 dancing weapons
  A plant (D:4)
12 creatures vanquished.

Grand Total: 292 creatures vanquished

Notes
Turn   | Place    | Note
-------+----------+-------------------------------------------
     0 | D:1      | KKCryptic the Spriggan Enchanter began the quest for the
                  | Orb.
     0 | D:1      | Reached XP level 1. HP: 9/9 MP: 5/5
   631 | D:1      | Reached XP level 2. HP: 12/13 MP: 6/6
   734 | D:1      | Learned a level 2 spell: Ensorcelled Hibernation
   738 | D:1      | Reached skill level 5 in Stealth
  1005 | D:1      | Reached XP level 3. HP: 16/16 MP: 0/8
  1254 | D:1      | Learned a level 3 spell: Confusing Touch
  1378 | D:2      | Reached XP level 4. HP: 21/21 MP: 9/9
  1384 | D:2      | Found a faded altar of an unknown god.
  1461 | D:2      | Reached skill level 6 in Stealth
  2068 | D:3      | Reached XP level 5. HP: 24/24 MP: 2/10
  2299 | D:3      | Found Faf Qati's Distillery.
  2306 | D:3      | Bought a potion of heal wounds for 55 gold pieces
  2306 | D:3      | Bought a potion of degeneration for 11 gold pieces
  2306 | D:3      | Bought a potion of curing for 33 gold pieces
  2324 | D:3      | Reached skill level 5 in Hexes
  2381 | D:3      | Found a shimmering altar of Xom.
  2381 | D:3      | Found a shimmering blue altar of Sif Muna.
  2778 | D:3      | Learned a level 3 spell: Tukima's Dance
  2817 | D:4      | Found Iceoc's Distillery.
  2820 | D:4      | Bought 2 potions of flight for 72 gold pieces
  2996 | D:4      | Found a runed translucent door.
  2997 | D:4      | Noticed Crazy Yiuf
  3013 | D:4      | Killed Crazy Yiuf
  3254 | D:4      | Reached XP level 6. HP: 24/28 MP: 8/11
  3281 | D:4      | Found a shadowy altar of Dithmenos.
  3291 | D:4      | Reached skill level 7 in Stealth
  3360 | D:4      | Became a worshipper of Dithmenos the Shadowed
  3437 | D:4      | Noticed Duvessa
  3437 | D:4      | Noticed Dowan
  3446 | D:4      | Killed Dowan
  3736 | D:4      | Identified the ring of Puuq {Will+ Dex+4}
  4174 | D:5      | Entered Level 5 of the Dungeon
  4178 | D:5      | Reached skill level 5 in Short Blades
  4178 | D:5      | Reached XP level 7. HP: 17/32 MP: 6/12
  4273 | D:5      | Found a staircase to the Ecumenical Temple.
  4599 | D:5      | Learned a level 3 spell: Dazzling Flash
  4946 | D:4      | Reached skill level 8 in Stealth
  5302 | D:5      | Reached XP level 8. HP: 36/36 MP: 13/13
  5453 | D:5      | Reached * piety under Dithmenos
  5496 | D:5      | Reached skill level 9 in Stealth
  5965 | D:6      | Noticed Menkaure
  5973 | D:6      | Killed Menkaure
  5974 | D:6      | Reached XP level 9. HP: 39/39 MP: 14/14
  6035 | D:6      | Noticed Sigmund
  6037 | D:6      | Killed Sigmund
  6048 | D:6      | Found a burning altar of Makhleb.
  6149 | D:6      | Reached skill level 10 in Stealth
  6310 | D:6      | Reached skill level 10 in Hexes
  6343 | D:6      | Noticed Eustachio
  6346 | D:6      | Killed Eustachio
  6698 | D:4      | Killed Duvessa
  7709 | D:7      | Reached ** piety under Dithmenos
  7886 | D:7      | Noticed Maggie
  7887 | D:7      | Reached skill level 11 in Stealth
  7893 | D:7      | Killed Maggie
  7929 | D:7      | Upgraded the game from 0.30-a0-358-g0d69a1922f to
                  | 0.30-a0-359-gd0147acb1a
  8085 | D:7      | Reached skill level 10 in Short Blades
  8085 | D:7      | Reached XP level 10. HP: 44/44 MP: 15/15
  8495 | D:8      | Found a flagged portal.
  8507 | Bailey   | Entered a bailey
  8907 | Bailey   | Noticed an orc knight
  8924 | Bailey   | Killed an orc knight
  8986 | Bailey   | Found a large runed translucent door.
  8986 | Bailey   | Found a large runed translucent door.
  8987 | Bailey   | Noticed a deep elf pyromancer
  9048 | Bailey   | Killed a deep elf pyromancer
  9049 | Bailey   | Reached skill level 12 in Stealth
  9090 | Bailey   | Identified the +5 fire dragon scales "Neckubyohe" {rF++ rC-
                  | Will+ rCorr}
  9452 | D:8      | Noticed Grum
  9476 | D:8      | Reached *** piety under Dithmenos
  9633 | D:8      | Noticed Psyche
  9635 | D:8      | Killed Psyche
  9710 | D:8      | Killed Grum
  9843 | D:8      | Found a staircase to the Lair.
 10017 | D:8      | You fall into a shaft and drop 3 floors!
 10063 | D:11     | Noticed a boulder beetle
 10104 | D:11     | Killed a boulder beetle
 10173 | D:11     | Noticed a catoblepas
 10176 | D:11     | Killed a catoblepas
 10177 | D:11     | Reached XP level 11. HP: 47/47 MP: 16/16
 10386 | D:10     | Entered Level 10 of the Dungeon
 10555 | D:10     | Got the Spellbook of Conflagration
 10562 | D:10     | Reached skill level 13 in Stealth
 10604 | D:10     | Learned a level 2 spell: Blink
 11273 | D:9      | Found a staircase to the Orcish Mines.
 11345 | D:9      | Reached skill level 1 in Translocations
 11897 | D:9      | Noticed Gastronok
 11904 | D:9      | Killed Gastronok
 11905 | D:9      | Reached skill level 14 in Stealth
 11942 | D:9      | Noticed Erolcha
 11958 | D:9      | Killed Erolcha
 11959 | D:9      | Reached skill level 5 in Spellcasting
 12208 | D:9      | Noticed a two-headed ogre
 12215 | D:9      | Killed a two-headed ogre
 12445 | D:10     | Reached skill level 15 in Stealth
 12566 | D:10     | Found a hazy altar of Hepliaklqana.
 12566 | D:10     | Found a blossoming altar of Fedhas.
 13007 | D:11     | Noticed a sixfirhy
 13010 | D:11     | Noticed a sun demon
 13127 | D:11     | Reached XP level 12. HP: 51/51 MP: 20/23
 13131 | D:11     | Learned a level 3 spell: Mephitic Cloud
 13377 | D:11     | Reached skill level 1 in Poison Magic
 13792 | D:11     | Found a glowing golden altar of the Shining One.
 13793 | D:11     | Found a sparkling altar of Nemelex Xobeh.
 13793 | D:11     | Found a hazy altar of Hepliaklqana.
 13793 | D:11     | Found a radiant altar of Vehumet.
 13922 | D:11     | Noticed a tengu warrior
 13934 | D:11     | Noticed a five-headed hydra
 13934 | D:11     | Noticed a fire dragon
 14047 | D:11     | Reached **** piety under Dithmenos
 14058 | D:11     | Killed a tengu warrior
 14115 | D:11     | Killed a five-headed hydra
 14116 | D:11     | Reached skill level 16 in Stealth
 14204 | D:11     | Noticed a fire dragon
 14208 | D:11     | Killed a fire dragon
 14369 | D:11     | Killed a fire dragon
 14437 | D:11     | Reached skill level 5 in Dodging
 14655 | D:11     | Noticed a tengu warrior
 14681 | D:11     | Identified the +4 shadow dragon scales "Beetiad" {Rampage
                  | rPois SInv Stlth++++}
 14708 | D:11     | Identified the +2 robe of Dogmatism {Str+2}
 14709 | D:11     | Identified the +1 long sword "Daup" {antimagic, rC+ Stlth+}
 14716 | D:11     | Got Wip Sonn's Directory of the Enchanting Assassin
 14778 | D:11     | Killed a tengu warrior
 14779 | D:11     | Reached skill level 5 in Poison Magic
 14927 | D:12     | Noticed a two-headed ogre
 14931 | D:12     | Killed a two-headed ogre
 15579 | D:12     | Killed from afar by a meliai

Illustrated notes

Levels and vault maps discovered:
D:1:      minmay_arrival_arboretum_large, layout_basic, grunt_decor_clamped,
          amcnicky_mini_corridor_feature, kennysheep_pointless_box,
          minmay_statues_item
D:2:      layout_rooms, ebering_ecumenical_altar_rust
D:3:      layout_rooms, nicolae_overflow_two_pavilions, serial_shops,
          nicolae_shop_hallway_stairs, kennysheep_decorative_pillar
D:4:      layout_loops_corners, mainiacjoe_overflow_brackets, serial_shops,
          nicolae_shop_trees, serial_glass, glass_columns_a, glass_columns_c,
          serial_bayou_crossing, uniq_duvessa, uniq_crazy_yiuf_cottage
D:5:      minmay_chambers_of_threes, layout_cave_pools,
          minmay_temple_entry_steel_oval, dreamdust_princess_bridge
D:6:      layout_basic, demons_altar, st_stairs_9, uniq_eustachio,
          uniq_menkaure, uniq_sigmund
D:7:      layout_basic, minmay_door_square, kennysheep_generic_room_9,
          uniq_maggie
D:8:      layout_basic, lair_entry_dummy, enter_bailey_3, uniq_psyche, uniq_grum
D:9:      layout_stronghold, orc_0_dummy, uniq_gastronok, uniq_erolcha
D:10:     layout_roguey, gammafunk_temple_overflow_pools,
          nicolae_underground_beach
D:11:     minmay_the_grid_octo_tiled_squarecenter [minmay_the_grid_octo_shrine,
          minmay_the_grid_octo_concentric, minmay_the_grid_octo_teeth,
          minmay_the_grid_octo_tetromino_candy,
          minmay_the_grid_square_5x5_megaprize_crossed,
          minmay_the_grid_square_5x5_minimal,
          minmay_the_grid_square_5x5_two_walls_b,
          minmay_the_grid_square_5x5_gyroscope,
          minmay_the_grid_square_5x5_minivault], layout_irregular_city
D:12:     layout_roguey

Skill      XL: |  1  2  3  4  5  6  7  8  9 10 11 12 |
---------------+-------------------------------------+-----
Stealth        | 5 6 7 8 9 11 12 15 16 | 16.8
Hexes          | 4 5 6 7 9 11 13 | 13.8
Short Blades   | 2 3 4 5 6 8 10 11 12 | 12.3
Translocations | 4 |  4.0
Spellcasting   | 7 8 |  8.9
Dodging        | 6 |  6.4
Poison Magic   | 6 |  6.2

Action                   |  1- 3 |  4- 6 |  7- 9 | 10-12 || total
-------------------------+-------+-------+-------+-------++-------
Melee: Dagger            |    72 |   100 |   193 |   289 ||   654
 Cast: Ensorcelled Hiber |    16 |    43 |    37 |    85 ||   181
       Confusing Touch   |       |     6 |    19 |    22 ||    47
       Tukima's Dance    |       |    16 |    12 |    26 ||    54
       Dazzling Flash    |       |       |     1 |     7 ||     8
       Blink             |       |       |       |     1 ||     1
Invok: Shadow Step       |       |       |       |     2 ||     2
Evoke: Wand              |       |       |       |    19 ||    19
       Box of beasts     |       |       |       |     1 ||     1
  Use: Scroll            |       |     3 |     6 |     5 ||    14
       Potion            |       |       |       |     3 ||     3
 Stab: Sleeping          |    13 |    36 |    41 |    79 ||   169
       Confused          |       |     6 |    13 |    15 ||    34
       Distracted        |       |       |     2 |     2 ||     4
       Invisible         |       |       |       |    11 ||    11
Armor: Robe              |     8 |     6 |    34 |    42 ||    90
       Fire dragon scale |       |       |       |    16 ||    16
Dodge: Dodged            |    73 |    66 |    99 |   201 ||   439
Block: Buckler           |       |       |       |    33 ||    33

Table legend: (Time is in decaauts)
 A = Elapsed time spent in this place.
 B = Non-inter-level travel time spent in this place.
 C = Inter-level travel time spent in this place.
 D = Time resting spent in this place.
 E = Time spent auto-exploring this place.
 F = Levels seen in this place.
 G = Mean time per level.
                   A        B        C        D        E       F      G
               +--------+--------+--------+--------+--------+-----+--------+
         Total |  11639 |  11391 |    248 |   4448 |   2550 |  13 |  895.3 |
       Dungeon |  11072 |  10824 |    248 |   4106 |   2522 |  12 |  922.7 |
        Bailey |    567 |    567 |      0 |    341 |     27 |   1 |  567.0 |
               +--------+--------+--------+--------+--------+-----+--------+

Top non-repeatable levels by time:
    D:11: 1808 daAuts
     D:4: 1599 daAuts
     D:5: 1013 daAuts
     D:7: 1007 daAuts
     D:9: 943 daAuts
     D:8: 913 daAuts
     D:1: 887 daAuts
    D:10: 802 daAuts
     D:6: 605 daAuts
     D:3: 596 daAuts
  Bailey: 567 daAuts
     D:2: 546 daAuts
    D:12: 348 daAuts
